 Dungeon Crawl Stone Soup version 0.18.1-1-g2f07953 (webtiles) character file.

191 imganon the Chopper (level 5, -1/61 HPs)
             Began as a Demonspawn Berserker on May 6, 2016.
             Was a Priest of Trog.
             Slain by an orc priest
             ... wielding a +0 dagger of electrocution
              (18 damage)
             ... on level 3 of the Dungeon.
             The game lasted 00:04:51 (1507 turns).

imganon the Chopper (Demonspawn Berserker)          Turns: 1507, Time: 00:04:52

Health: -1/61      AC:  6    Str: 23    XL:     5   Next: 41%
Magic:  5/5        EV: 11    Int:  8    God:    Trog [***...]
Gold:   137        SH:  0    Dex: 13    Spells: 0 memorised, 4 levels left

rFire  . . .     SeeInvis .     a - +0 hand axe
rCold  . . .     Gourm    .     f - +0 ring mail
rNeg   . . .     Faith    .     (no shield)
rPois  .         Spirit   .     (helmet restricted)
rElec  .         Dismiss  .     (no cloak)
rCorr  .         Reflect  .     l - +0 pair of gloves
SustAt .         Harm     .     (no boots)
MR     +....                    (no amulet)
Stlth  ..........               q - ring of protection from magic
                                p - ring of flight

@: berserking, very quick, somewhat resistant to hostile enchantments, extremely
unstealthy
A: horns 1, powered by death 1, rot immunity
a: Berserk, Trog's Hand, Burn Spellbooks, Renounce Religion, Evoke Flight


You were on level 3 of the Dungeon.
You worshipped Trog.
Trog was most pleased with you.
You were not hungry.

You visited 1 branch of the dungeon, and saw 3 of its levels.

You collected 137 gold pieces.

Inventory:

Hand Weapons
 a - a +0 hand axe (weapon)
Missiles
 t - 4 tomahawks (quivered)
Armour
 f - a +0 ring mail (worn)
 l - a +0 pair of gloves (worn)
Jewellery
 p - a ring of flight (left hand)
 q - a ring of protection from magic (right hand)
Scrolls
 b - 4 scrolls of remove curse {unknown}
 d - 2 scrolls of identify {unknown}
 e - 3 scrolls of enchant armour {unknown}
 g - 2 scrolls of magic mapping {unknown}
 j - a scroll of blinking {unknown}
 n - 2 scrolls of teleportation {unknown}
 o - a scroll of enchant weapon {unknown}
Potions
 h - a potion of invisibility {unknown}
 i - 2 potions of curing {unknown}
 k - 2 potions of might {unknown}
 m - 4 potions of heal wounds {unknown}
 s - a potion of flight {unknown}
 u - 2 potions of brilliance {unknown}
 w - a potion of agility {unknown}
Comestibles
 c - 5 bread rations
 r - a meat ration
 v - 2 beef jerkies


   Skills:
 - Level 3.0 Fighting
 + Level 5.5 Axes
 - Level 1.7 Armour
 - Level 1.7 Dodging
 + Level 0.6 Stealth


You had 4 spell levels left.
You didn't know any spells.

Dungeon Overview and Level Annotations

Branches:
Dungeon (3/15)

Altars:
Makhleb
Vehumet


Innate Abilities, Weirdness & Mutations

You have a pair of small horns on your head.
You regenerate a little health from kills.
You are immune to rotting.


Message History

You are electrocuted!
* * * LOW HITPOINT WARNING * * *
The gnoll moves out of view.
The adder bites you.
* * * LOW HITPOINT WARNING * * *
A gnoll comes into view. It is wielding a spear.
A red film seems to cover your vision as you go berserk!
You feel yourself moving faster!
You feel mighty!
You feel somewhat more hungry.
The gnoll shouts!
The gnoll barely misses you. The adder bites you but does no damage.
The orc priest hits you but does no damage.
You closely miss the orc priest. You headbutt the orc priest!
The orc priest is almost dead.
You slash the gnoll!
The gnoll is severely wounded.
You closely miss the adder. The adder closely misses you.
The gnoll closely misses you.
The orc priest hits you but does no damage.
You are electrocuted!
You die...

#.##.# ######...######
#.##.###(.............
#...........>......)..
...#####..((..........
#..# ######)).#####
...# #......# ...#
#.#....# #..#
#.#....## ...# #
#...@o# ..## ####Sg#
#..# ...# .... .##g##
. g# ## .#


You could see an orc priest, 3 gnolls and an adder.

Vanquished Creatures
  An orc priest (D:3)
  Jessica (D:2)
  Ijyb (D:2)
  4 adders
  3 oozes
  2 dart slugs (D:1)
  3 orcs (D:3)
  A ball python (D:1)
  4 giant cockroaches
  5 goblins
  8 hobgoblins
  6 bats
  5 giant newts
  8 kobolds
  6 rats
58 creatures vanquished.

Notes
Turn   | Place    | Note
--------------------------------------------------------------
     0 | D:1      | imganon the Demonspawn Berserker began the quest for the Orb.
     0 | D:1      | Reached XP level 1. HP: 18/18 MP: 1/1
    30 | D:1      | Reached skill level 3 in Axes
   129 | D:1      | Gained mutation: You regenerate a little health from kills. [demonic ancestry]
   129 | D:1      | Reached XP level 2. HP: 15/24 MP: 2/2
   356 | D:1      | Reached ** piety under Trog
   376 | D:1      | Gained mutation: You have a pair of small horns on your head. [demonic ancestry]
   376 | D:1      | Reached XP level 3. HP: 24/29 MP: 3/3
   607 | D:1      | Reached skill level 4 in Axes
   683 | D:2      | Found a faded altar to an unknown god.
   708 | D:2      | Noticed Ijyb
   708 | D:2      | Noticed Jessica
   733 | D:2      | Killed Jessica
   733 | D:2      | Reached XP level 4. HP: 31/35 MP: 4/4
   734 | D:2      | Killed Ijyb
   840 | D:2      | Reached skill level 5 in Axes
   954 | D:2      | Found a radiant altar of Vehumet.
  1385 | D:3      | Found a burning altar of Makhleb.
  1390 | D:3      | Gained mutation: You are immune to rotting. [demonic ancestry]
  1390 | D:3      | Reached XP level 5. HP: 41/41 MP: 5/5
  1419 | D:3      | Reached *** piety under Trog
  1507 | D:3      | Slain by an orc priest

Skill      XL: |  1  2  3  4 |
---------------+-------------+-----
Axes           | 3 4 5 |  5.5
Fighting       | |  3.0
Armour         | |  1.7
Dodging        | |  1.7
Stealth        | |  0.6

Action                   |  1- 3 |  4- 6 || total
-------------------------+-------+-------++-------
Melee: Hand axe          |   113 |    91 ||   204
       Headbutt          |     7 |    13 ||    20
Invok: Berserk           |     1 |     1 ||     2
  Eat: Fruit             |       |     3 ||     3
       Chunk             |       |     1 ||     1
Armor: Animal skin       |     4 |       ||     4
       Ring mail         |    37 |    42 ||    79
Dodge: Dodged            |    74 |    68 ||   142
